 Dungeon Crawl Stone Soup version bcrawl-1.26.1 (webtiles) character file.

Game seed: 7900475126499272175

305062 MisterOstroum the Fighter (level 11, 0/180 HPs)
             Began as an Ogre Transmuter on June 10, 2020.
             Was a Believer of Sif Muna.
             Shot with an arrow by a centaur (3 damage)
             ... on level 9 of the Dungeon on July 4, 2020.
             The game lasted 00:36:22 (9992 turns).

MisterOstroum the Fighter (Ogre Transmuter)         Turns: 9992, Time: 00:36:23

Health: 0/180      AC:  3    Str: 27    XL:     11   Next: 8%
Magic:  12/17      EV: 11    Int: 22    God:    Sif Muna [**....]
Gold:   775        SH:  0    Dex: 10    Spells: 3/18 levels left

rFire    . . .     SeeInvis .   a - +3 dagger
rCold    . . .     Gourm    .   (no shield)
rNeg     . . .     Faith    .   b - +0 robe
rPois    .         Spirit   .   (helmet restricted)
rElec    .         Reflect  .   (no cloak)
rCorr    .         Harm     .   (gloves unavailable)
MR       +....                  (boots unavailable)
Stlth    ..........             c - amulet of rage
HPRegen  0.40/turn              K - +5 ring of strength
MPRegen  0.15/turn              y - +7 ring of intelligence

@: berserking (expiring), divine energy, very quick
A: large, unfitting armour, tough skin 1
a: Stop Divine Energy, Renounce Religion, Evoke Berserk Rage


You were on level 9 of the Dungeon.
You worshipped Sif Muna.
Sif Muna was pleased with you.
You were very hungry.

You visited 1 branch of the dungeon, and saw 9 of its levels.
You also visited: Sewer and Ossuary.

You collected 859 gold pieces.
You spent 84 gold pieces at shops.

Inventory:

Hand Weapons
 a - a +3 dagger (weapon)
Missiles
 f - 627 arrows
 g - 427 tomahawks
 h - 1384 stones (quivered)
 k - 499 sling bullets
 u - 196 bolts
 x - 160 poisoned needles
 H - 51 exploding tomahawks
Armour
 b - a +0 robe (worn)
 G - a +0 medium shield
 M - a +0 medium shield
Jewellery
 c - an amulet of rage (around neck)
 y - a +7 ring of intelligence (right hand)
 K - a +5 ring of strength (left hand)
 L - an uncursed ring of poison resistance
Wands
 E - a wand of digging (12)
 J - a wand of random effects (11)
Scrolls
 j - 4 scrolls of fog {!r}
 m - a scroll of amnesia {unknown}
 n - 3 scrolls of remove curse {@r2}
 p - 4 scrolls of teleportation {@r3 !r}
 r - a scroll of enchant weapon {unknown}
 s - a scroll of enchant armour {unknown}
 t - a scroll of blinking {unknown}
 w - a scroll of immolation {unknown}
 z - 8 scrolls of identify {@r1}
 D - a scroll of magic mapping {@r5 !r}
 F - a scroll of noise {unknown}
 N - a scroll of fear {unknown}
Potions
 d - 2 potions of lignification {@q6}
 i - 2 potions of agility
 l - 4 potions of heal wounds
 o - 6 potions of curing {@q1 !q}
 q - a potion of mutation
 v - 3 potions of brilliance
 A - 3 potions of flight
 B - 2 potions of ambrosia
 C - 3 potions of might {@q3 !q}
Comestibles
 e - 14 rations {!d}


   Skills:
 + Level 11.3 Fighting
 + Level 4.5 Dodging
 * Level 7.7 Unarmed Combat
 - Level 4.0 Spellcasting
 + Level 7.7 Transmutations
 - Level 4.7 Ice Magic
 - Level 3.0 Poison Magic


You had 3 spell levels left.
You knew the following spells:

 Your Spells              Type           Power        Failure   Level  Hunger
a - Beastly Appendage     Tmut           #####.       1%          1    None
b - Sticks to Snakes      Tmut           #####...     1%          2    #......
c - Spider Form           Tmut/Pois      ###          3%          3    ###....
d - Ice Form              Ice/Tmut       ####....     9%          4    ####...
e - Blade Hands           Tmut           #####.....   13%         5    ######.

Your spell library contained the following spells:

 Spells                   Type           Power        Failure   Level  Hunger
 Passwall                 Tmut/Erth      ###.....     3%          2    #......
 Corona                   Hex            #......      11%         1    None
 Infusion                 Chrm           #.......     11%         1    None
 Sandblast                Erth           #.....       11%         1    None
 Shackle                  Hex            #.......     17%         2    #......
 False Image              Hex/Summ       #.......     32%         3    ###....
 Inner Flame              Hex/Fire       N/A          32%         3    ###....
 Stone Arrow              Conj/Erth      #.....       32%         3    ###....
 Petrify                  Tmut/Erth      ###.....     22%         4    ####...
 Yara's Violent Unravell  Hex/Tmut       ###.......   22%         4    ####...
 Cause Fear               Hex            #.........   73%         4    ####...
 Lee's Rapid Deconstruct  Erth           #.........   97%         5    ######.
 Piercing Shot            Chrm           #.........   97%         5    ######.
 Steam Barrier            Chrm/Fire      #.........   100%        6    #######


Dungeon Overview and Level Annotations

Branches:
Dungeon (9/12)             Temple (0/1) D:5
   Lair: D:7-9          Orc: D:8-11

Altars:
Cheibriados
Dithmenos
Elyvilon
Fedhas
Kikubaaqudgha
Makhleb
Nemelex Xobeh
Sif Muna
Trog
Uskayaw
Yredelemnul

Shops:
D:4 [   D:5 *   D:8 %

Annotations:
D:4 2 transporters


Innate Abilities, Weirdness & Mutations

You are too large for most types of armour.
You have tough skin. (AC +1)


Message History

No target in view!
No target in view!
No target in view!
No target in view!
No target in view!
No target in view!
No target in view!
No target in view!
No target in view!
No target in view!
No target in view!
HP restored.
You now have 775 gold pieces (gained 22).
Erica the Fiery-Tempered comes into view.
She is wielding a +0 scimitar of flaming and wearing a +1 robe of fire resistance.
You have encountered a dangerous foe!
Erica shouts!
Erica drinks a potion.
Erica seems to speed up.
Okay, then.
A centaur comes into view.
Found 14 gold pieces.
Okay, then.
Unknown command.
Casting: Ice Form (safe; 9% risk of failure)
Confirm with . or Enter, or press ? or * to list all spells.
You warm up again.
Your +3 dagger unmelds from your body.
Your +0 robe unmelds from your body.
Your hands turn into razor-sharp scythe blades.
Your +3 dagger melds into your body.
You are feeling hungry.
Your transformation is almost over.
Erica casts a spell at you. The orb of energy hits you!!
You hear a shout!
A red film seems to cover your vision as you go berserk!
You feel yourself moving faster!
You feel mighty!
You are feeling very hungry.
Erica hits you with a +0 scimitar of flaming!
Erica burns you.
You barely miss Erica. Erica gestures at you while chanting.
You are confused.
You slice Erica!!
Erica is moderately wounded.
Erica barely misses you.
You slice Erica!!
Erica is severely wounded.
Erica gestures at you while chanting. The orb of energy hits you!!
You bump into the rock wall.
You bump into the rock wall.
Erica hits you with a +0 scimitar of flaming.
Erica burns you.
You bump into the rock wall.
Erica hits you with a +0 scimitar of flaming.
Erica burns you.
You bump into the rock wall.
Erica hits you but does no damage.
The centaur wields a +2 shortbow of flaming.
It bursts into flame!
The centaur shoots an arrow.
The arrow hits you! The arrow burns you.
You're too confused to move!
Erica points at you and mumbles some strange words.
The orb of energy hits you!!
* * * LOW HITPOINT WARNING * * *
The centaur shoots an arrow.
The arrow hits you.
* * * LOW HITPOINT WARNING * * *
The arrow burns you.
* * * LOW HITPOINT WARNING * * *
You bump into the rock wall.
Your hands revert to their normal proportions.
Your +3 dagger unmelds from your body.
You feel less confused.
The centaur shoots an arrow.
The arrow hits you.
* * * LOW HITPOINT WARNING * * *
The arrow burns you.
* * * LOW HITPOINT WARNING * * *
Unknown command.
You puncture Erica!
Erica is almost dead.
Erica hits you with a +0 scimitar of flaming!
* * * LOW HITPOINT WARNING * * *
Erica burns you.
* * * LOW HITPOINT WARNING * * *
You puncture Erica!
Erica is almost dead.
Erica mumbles some strange words.
Erica flickers and vanishes!
Deactivating autopickup; reactivate with Ctrl-A.
The centaur shoots an arrow.
The arrow hits you!
* * * LOW HITPOINT WARNING * * *
The arrow burns you.
* * * LOW HITPOINT WARNING * * *
You puncture something! Sif Muna accepts your kill.
Reactivating autopickup.
You have reached level 11!
You feel a bit more experienced.
The centaur shoots an arrow.
The arrow hits you!
* * * LOW HITPOINT WARNING * * *
The arrow burns you.
You die...

#...#.#
#.....#
#.....#
#..$#.#
#...#.#
####...#.#
.......#.#
.......#)#
....c..@.#
.........#
.........#
.......†.#
#####
####.....#
....#
#.....#
....#
#.....#
....#
#.....#
....###+##
#.....#


You could see a centaur.

Vanquished Creatures
  Erica (D:9)
  Harold (D:8)
  A two-headed ogre (D:8)
  Pikel (D:8)
  2 hippogriffs
  A shadow (D:8)
  3 hungry ghosts
  A swamp worm (shapeshifter) (D:9)
  A soldier ant (D:8)
  A water moccasin (D:5)
  2 orc warriors
  4 slaves (D:8)
  2 ice beasts
  2 sky beasts
  A centaur (D:8)
  3 ogres
  4 bullfrogs
  3 big kobolds
  A water moccasin zombie (D:4)
  A jelly (D:6)
  2 scorpions
  5 wights (D:7)
  A howler monkey (D:7)
  2 crimson imps
  2 quasits (D:8)
  A gnoll shaman (D:4)
  6 hounds
  6 orc priests
  A centaur skeleton (D:6)
  6 orc wizards
  7 iguanas
  A bullfrog skeleton (D:6)
  5 worker ants
  A hound skeleton (D:4)
  7 mummies (Ossuary)
  2 worker ant zombies (D:6)
  16 gnolls
  10 adders
  A shadow imp (D:8)
  2 oozes
  An adder skeleton (D:4)
  3 worms
  3 dart slugs
  6 leopard geckos
  28 orcs
  2 giant cockroaches
  3 goblins
  5 hobgoblins
  19 jackals
  6 quokkas
  A ball python (D:3)
  7 bats
  6 frilled lizards
  2 hobgoblin zombies (Ossuary)
  A jackal skeleton (D:6)
  A jackal zombie (D:5)
  12 kobolds
  2 kobold zombies (Ossuary)
  4 orc zombies (Ossuary)
  A quokka skeleton (D:6)
  13 rats
246 creatures vanquished.

Vanquished Creatures (collateral kills)
  A quasit (D:5)
  A worker ant (D:4)
  A mummy (Ossuary)
  3 orcs (D:4)
  A jackal (D:1)
  A goblin (D:1)
8 creatures vanquished.

Grand Total: 254 creatures vanquished

Notes
Turn   | Place    | Note
-------+----------+-------------------------------------------
     0 | D:1      | MisterOstroum the Ogre Transmuter began the quest for the
                  | Orb.
     0 | D:1      | Reached XP level 1. HP: 19/19 MP: 3/3
   506 | D:1      | Reached XP level 2. HP: 21/27 MP: 5/5
   916 | D:2      | Learned a level 2 spell: Sticks to Snakes
  1094 | D:1      | Reached skill level 2 in Fighting
  1094 | D:1      | Reached XP level 3. HP: 33/35 MP: 3/6
  1581 | D:2      | Learned a level 3 spell: Spider Form
  1592 | D:2      | Reached XP level 4. HP: 44/44 MP: 7/7
  1700 | D:2      | Upgraded the game from bcrawl-1.24 to bcrawl-1.24.2
  1700 | D:2      | Upgraded the game from bcrawl-1.24.2 to bcrawl-1.26.1
  1987 | D:2      | Reached skill level 3 in Fighting
  2077 | D:2      | Reached XP level 5. HP: 38/53 MP: 8/8
  2398 | D:4      | Reached skill level 1 in Poison Magic
  2720 | D:3      | Reached XP level 6. HP: 59/61 MP: 4/9
  2855 | D:3      | Found a snail-covered altar of Cheibriados.
  2865 | D:3      | Reached skill level 4 in Fighting
  3522 | D:4      | Noticed an ice beast
  3612 | D:4      | Reached XP level 7. HP: 44/71 MP: 5/10
  3726 | D:4      | Learned a level 4 spell: Ice Form
  3767 | D:4      | Found a basalt altar of Yredelemnul.
  3770 | D:4      | Reached skill level 5 in Fighting
  3788 | D:4      | Found a transporter.
  3788 | D:4      | Noticed an efreet
  3796 | D:4      | Found a transporter.
  4054 | D:4      | Found a white marble altar of Elyvilon.
  4054 | D:4      | Found a hide-covered altar of Uskayaw.
  4488 | D:5      | Entered Level 5 of the Dungeon
  4501 | D:5      | Found a shimmering blue altar of Sif Muna.
  4508 | D:5      | Became a worshipper of Sif Muna the Loreminder
  4651 | D:5      | Reached skill level 6 in Fighting
  4688 | D:5      | Found a glowing drain.
  4692 | Sewer    | Entered a sewer
  4830 | Sewer    | Found a white marble altar of Elyvilon.
  4934 | D:5      | Found a burning altar of Makhleb.
  4938 | D:5      | Reached XP level 8. HP: 74/84 MP: 7/11
  5060 | D:5      | Found a blossoming altar of Fedhas.
  5061 | D:5      | Found a staircase to the Ecumenical Temple.
  5149 | D:5      | Reached skill level 7 in Fighting
  5149 | D:5      | Reached skill level 5 in Unarmed Combat
  5149 | D:5      | Reached skill level 5 in Transmutations
  5296 | D:5      | Reached * piety under Sif Muna
  5296 | D:5      | Reached skill level 1 in Ice Magic
  5386 | D:5      | Found Ruwn's General Store.
  5410 | D:5      | Bought a scroll of identify for 24 gold pieces
  5410 | D:5      | Bought a potion of heal wounds for 60 gold pieces
  5812 | D:6      | Reached skill level 8 in Fighting
  6012 | D:6      | Reached XP level 9. HP: 94/97 MP: 12/12
  6399 | D:6      | Reached ** piety under Sif Muna
  6506 | D:6      | Received a gift from Sif Muna
  6902 | D:7      | Found a sand-covered staircase.
  6911 | Ossuary  | Entered an ossuary
  7187 | D:7      | Reached skill level 9 in Fighting
  7592 | D:7      | Found a blossoming altar of Fedhas.
  8069 | D:7      | Reached skill level 10 in Fighting
  8243 | D:8      | Found a bloodstained altar of Trog.
  8258 | D:7      | Reached XP level 10. HP: 82/110 MP: 16/16
  8429 | D:8      | Found Ajakuclo's Food Shoppe.
  8580 | D:4      | Found Vytef's Armour Boutique.
  8780 | D:8      | Noticed Pikel
  8900 | D:8      | Noticed Harold
  9144 | D:8      | Noticed a two-headed ogre
  9168 | D:8      | Killed a two-headed ogre
  9269 | D:8      | Identified Sif Muna's Disquisition on Enhancements (Sif
                  | Muna gifted it to you on level 8 of the Dungeon)
  9269 | D:8      | Received a gift from Sif Muna
  9274 | D:8      | Found a shadowy altar of Dithmenos.
  9301 | D:8      | Learned a level 5 spell: Blade Hands
  9402 | D:8      | Killed Pikel
  9429 | D:8      | Found an ancient bone altar of Kikubaaqudgha.
  9494 | D:8      | Killed Harold
  9494 | D:8      | Reached skill level 11 in Fighting
  9639 | D:8      | Found a sparkling altar of Nemelex Xobeh.
  9969 | D:9      | Noticed Erica
  9992 | D:9      | Killed Erica
  9992 | D:9      | Reached XP level 11. HP: 13/120 MP: 12/17
  9992 | D:9      | HP: 3/180 [centaur/arrow (10)]
  9992 | D:9      | Shot with an arrow by a centaur

Skill      XL: |  1  2  3  4  5  6  7  8  9 10 |
---------------+-------------------------------+-----
Transmutations | 2 3 4 5 7 |  7.7
Fighting       | 2 3 4 6 8 10 11 | 11.3
Unarmed Combat | 3 4 5 7 |  7.7
Poison Magic   | 1 3 |  3.0
Ice Magic      | 3 4 |  4.7
Dodging        | 2 4 |  4.5
Spellcasting   | 4 |  4.0

Action                   |  1- 3 |  4- 6 |  7- 9 | 10-12 || total
-------------------------+-------+-------+-------+-------++-------
Melee: Unarmed           |   130 |   108 |   328 |   139 ||   705
       Kick              |     4 |       |       |       ||     4
       Headbutt          |     1 |       |       |       ||     1
       Dagger            |       |   119 |    98 |     3 ||   220
       Punch             |       |     2 |     2 |       ||     4
Throw: Stone             |       |    14 |     2 |       ||    16
 Cast: Beastly Appendage |     8 |     1 |       |       ||     9
       Sticks to Snakes  |     3 |     4 |     8 |     3 ||    18
       Spider Form       |       |    14 |    24 |     1 ||    39
       Ice Form          |       |       |     3 |     3 ||     6
       Blade Hands       |       |       |       |     2 ||     2
Invok: Divine Energy     |       |       |     1 |       ||     1
 Abil: End Transformatio |       |       |     1 |     2 ||     3
       Evoke Berserk Rag |       |       |       |     1 ||     1
  Use: Scroll            |       |     4 |     9 |     1 ||    14
 Stab: Sleeping          |     1 |     1 |     1 |     2 ||     5
  Eat: Chunk             |     3 |     9 |    25 |     6 ||    43
Armor: Robe              |    45 |    26 |    17 |       ||    88
       Skin              |       |     5 |    34 |    39 ||    78
Dodge: Dodged            |    92 |   165 |   252 |    78 ||   587
